AoeStats
← husung istanda_18

Pilgrims

509053826Analyzed
2v2 RM · 8d ago on Sep 25, 2026· 35m 12s· 4 players
Game mode
Random Map
Map size
Medium (4 player)
Population
200
Speed
Normal
Resources
Standard
Victory
Conquest
Starting age
Dark Age
Ending age
Imperial Age
RankedLock teamsTeams togetherTeam positionsShared explorationLock speedFull tech treeHidden civsTurbo modeCheats
Victory
Defeat
🇨🇳 Italians · China
706
+16
🇹🇷 Huns · Türkiye
653
+19
🇹🇼 Jurchens · Taiwan
715
-18
🇹🇼 Spanish · Taiwan
709
-17
Mirza1171
4:22 Loom
19:41 Feudal Age
20:02 Man-at-Arms
20:29 Arson
22:37 Forging
22:29 Scale Mail Armor
22:37 Scale Barding Armor
22:32 Fishing Lines
25:10 Double-Bit Axe
25:09 Horse Collar
25:32 Gold Mining
25:37 Stone Mining
26:27 Wheelbarrow
25:43 Town Watch
26:00 Fletching
26:54 Padded Archer Armor
31:51 Castle Age
33:09 Hand Cart
32:55 Town Patrol
33:35 Gold Shaft Mining
33:15 Bow Saw
33:08 Heavy Plow
33:49 Iron Casting
35:05 Chain Mail Armor
35:11 Chain Barding Armor
34:49 Bodkin Arrow
35:30 Leather Archer Armor
zeng2382024
3:44 Loom
9:12 Feudal Age
18:59 Castle Age
18:04 Double-Bit Axe
18:02 Horse Collar
19:31 Gold Mining
19:31 Stone Mining
23:08 Scale Barding Armor
23:14 Forging
22:55 Fletching
23:06 Padded Archer Armor
25:09 Husbandry
25:20 Bloodlines
25:54 Wheelbarrow
28:36 Heavy Plow
29:42 Hand Cart
29:12 Town Watch
30:40 Iron Casting
husung istanda_18
8:58 Loom
11:09 Feudal Age
21:50 Castle Age
31:11 Ballistics
CC..CC
6:42 Loom
9:08 Feudal Age
9:35 Double-Bit Axe
10:00 Horse Collar
17:00 Wheelbarrow
17:22 Gold Mining
19:08 Bloodlines
21:57 Castle Age
21:51 Scale Barding Armor
22:00 Forging
23:16 Gold Shaft Mining
24:21 Bow Saw
24:13 Heavy Plow
29:43 Stone Mining
32:07 Scale Mail Armor
32:40 Chain Barding Armor
32:56 Iron Casting
Connection lost

Rejoining the realm…

Still unreachable

The connection could not be restored.

Session expired

The server has moved on; the page needs a fresh start.